 Dungeon Crawl Stone Soup version 0.30-a0-371-gad7725a93e (webtiles) character file.

Game seed: 16227264844936902745

161 jfcaron the Trooper (level 5, 0/42 (54) HPs)
             Began as an Ogre Reaver on Nov 20, 2022.
             Slain by a kobold brigand
             ... wielding a +0 whip
              (9 damage)
             ... in a sewer.
             The game lasted 00:08:43 (3218 turns).

jfcaron the Trooper (Ogre Reaver)                   Turns: 3218, Time: 00:08:44

HP:   0/42 (54)     AC:  3    Str: 16    XL:     5   Next: 42%
MP:   9/10          EV: 10    Int: 16    God:
Gold: 142           SH:  0    Dex:  7    Spells: 7/10 levels left

rFire   . . .      SeeInvis .      - Unarmed
rCold   . . .      Faith    .    (no shield)
rNeg    . . .      Spirit   .    a - +0 robe
rPois   .          Reflect  .    (helmet restricted)
rElec   .          Harm     .    (no cloak)
rCorr   .          Rampage  .    (gloves unavailable)
Will    .....                    (boots unavailable)
Stlth   +.........               (no amulet)
HPRegen 0.27/turn                h - ring of wizardry
MPRegen 0.12/turn                (no ring)

@: heavily drained, very slow
A: large, unfitting armour, tough skin 1
a: no special abilities


You were in a sewer.
You visited 1 branch of the dungeon, and saw 4 of its levels.
You also visited: Sewer.

You collected 142 gold pieces.

Inventory:

Hand Weapons
 b - a +2 sling of freezing
Missiles
 j - 7 stones
 n - 11 poisoned darts
Armour
 a - a +0 robe (worn)
Jewellery
 h - a ring of wizardry (left hand)
Scrolls
 c - a scroll of teleportation {unknown}
 d - a scroll of noise
 e - a scroll of magic mapping
 k - a scroll of silence {unknown}
 m - 3 scrolls of fear
 p - a scroll of vulnerability {unknown}
Potions
 f - 3 potions of flight
 l - a potion of lignification {unknown}
 o - a potion of cancellation {unknown}
 q - a potion of haste {unknown}
 r - a potion of attraction {unknown}


   Skills:
 + Level 4.0 Fighting
 + Level 2.6 Dodging
 + Level 3.3 Unarmed Combat
 + Level 3.4 Spellcasting
 - Level 3.0 Conjurations
 - Level 1.0 Necromancy
 - Level 1.0 Translocations


You had 7 spell levels left.
You knew the following spells:

 Your Spells              Type           Power      Damage    Failure   Level
a - Kiss of Death         Conj/Necr      36%        2d8       3%          1
b - Momentum Strike       Conj/Tloc      18%        3d8       4%          2

Your spell library contained the following spells:

 Spells                   Type           Power      Damage    Failure   Level
 Hailstorm                Conj/Ice       7%         3d4       12%         3
 Ozocubu's Armour         Ice            2%         N/A       21%         3
 Metabolic Englaciation   Hex/Ice        1%         N/A       86%         5
 Simulacrum               Ice/Necr       2%         N/A       100%        6


Dungeon Overview and Level Annotations

Branches:
Dungeon (4/15)              Sewer (1/1)
 Temple: D:4-7

Altars:
Kikubaaqudgha

Shops:
D:1 [   D:2 [

Annotations:
D:3 exclusion: 4 doors


Innate Abilities, Weirdness & Mutations

You are too large for most types of armour.
You have tough skin. (AC +1)


Message History

The kobold brigand is severely wounded.
The kobold brigand splashes around in the water.
You hit the kobold brigand but do no damage.
The kobold brigand is severely wounded.
You are no longer robbed of momentum.
The kobold brigand splashes around in the water.
You barely miss the kobold brigand.
The kobold brigand is severely wounded.
The kobold brigand splashes around in the water.
You hit the kobold brigand.
The kobold brigand is severely wounded.
The kobold brigand hits you with a +0 whip.
* * * LOW HITPOINT WARNING * * *
Unknown command.
You hit the kobold brigand.
The kobold brigand is almost dead.
The kobold brigand splashes around in the water.
You hit the kobold brigand but do no damage.
The kobold brigand is almost dead.
The kobold brigand hits you with a +0 whip!
* * * LOW HITPOINT WARNING * * *
You feel much better.
The kobold brigand splashes around in the water.
You hit the kobold brigand.
The kobold brigand is almost dead.
The kobold brigand hits you with a +0 whip.
You closely miss the kobold brigand.
The kobold brigand is almost dead.
The kobold brigand hits you with a +0 whip!
You closely miss the kobold brigand.
The kobold brigand is almost dead.
The kobold brigand completely misses you.
You closely miss the kobold brigand.
The kobold brigand is almost dead.
The kobold brigand hits you with a +0 whip!
* * * LOW HITPOINT WARNING * * *
You hit the kobold brigand but do no damage.
The kobold brigand is almost dead.
The kobold brigand hits you with a +0 whip!
You die...

##.~.## .~..~
...~~ ... ...
#~# #~# #@#
##K## ##..~##
#~~~∩.#
≈≈≈≈~.∩..~~~K..
####....~####~.
##~~.## ##≈##
#≈#


You could see a kobold brigand.

Vanquished Creatures
  A hound (D:4)
  An iguana (D:3)
  5 adders
  A river rat (D:4)
  2 dart slugs
  7 endoplasms
  3 giant cockroaches
  5 goblins
  A hobgoblin (D:2)
  2 jackals (D:4)
  2 quokkas (D:1)
  10 ball pythons
  3 bats
  A frilled lizard (D:2)
  2 kobolds
  6 rats
52 creatures vanquished.

Notes
Turn   | Place    | Note
-------+----------+-------------------------------------------
     0 | D:1      | jfcaron the Ogre Reaver began the quest for the Orb.
     0 | D:1      | Reached XP level 1. HP: 22/22 MP: 3/3
   240 | D:1      | Reached XP level 2. HP: 23/29 MP: 5/5
   245 | D:1      | Learned a level 2 spell: Momentum Strike
   665 | D:1      | Found Cenli's Armour Shop.
   967 | D:2      | Reached skill level 3 in Fighting
  1059 | D:2      | Reached XP level 3. HP: 32/34 MP: 5/7
  1199 | D:2      | Found Suin's Armour Shoppe.
  1653 | D:3      | Reached skill level 1 in Necromancy
  1653 | D:3      | Reached XP level 4. HP: 44/44 MP: 8/8
  2130 | D:3      | Found an ancient bone altar of Kikubaaqudgha.
  2911 | D:3      | Reached skill level 1 in Translocations
  3020 | D:4      | HP: 5/39 [hound (4)]
  3023 | D:4      | Reached XP level 5. HP: 15/49 MP: 7/9
  3028 | D:4      | HP: 8/49 [river rat (3)]
  3067 | D:4      | Found a glowing drain.
  3174 | Sewer    | Entered a sewer
  3187 | Sewer    | Noticed a kobold brigand
  3202 | Sewer    | Reached skill level 4 in Fighting
  3212 | Sewer    | HP: 4/42 [kobold brigand/+0 whip (8)]
  3217 | Sewer    | HP: 8/42 [kobold brigand/+0 whip (7)]
  3218 | Sewer    | Slain by a kobold brigand

Illustrated notes

Levels and vault maps discovered:
D:1:      dpeg_arrival_windows_large_door, layout_loops_ring, serial_shops,
          shop, minmay_pentomino_o2
D:2:      layout_loops_ring, serial_shops, nicolae_shop_window_shopping
D:3:      kennysheep_goblin_castle, layout_basic,
          nicolae_overflow_crystal_walls, chequers_serial_rivers_small_a
D:4:      layout_loops_corners, mainiacjoe_overflow_alcove_1, lemuel_tele_altar,
          portal_sewer_entry_e
Sewer:    sewer_co_15_rooms

Skill      XL: |  1  2  3  4  5 |
---------------+----------------+-----
Dodging        | 2 |  2.6
Fighting       | 3 4 |  4.0
Unarmed Combat | 3 |  3.3
Necromancy     | 1 |  1.0
Conjurations   | 3 |  3.0
Spellcasting   | 3 |  3.4
Translocations | 1 |  1.0

Action                   |  1- 3 |  4- 6 || total
-------------------------+-------+-------++-------
Melee: Unarmed           |    57 |    66 ||   123
       Punch             |     1 |     2 ||     3
 Fire: Sling             |    25 |    52 ||    77
 Cast: Kiss of Death     |     1 |     3 ||     4
       Momentum Strike   |       |     1 ||     1
  Use: Scroll            |       |     5 ||     5
       Potion            |       |     5 ||     5
Armor: Robe              |     8 |    25 ||    33
Dodge: Dodged            |    24 |    68 ||    92

Table legend: (Time is in decaauts)
 A = Elapsed time spent in this place.
 B = Non-inter-level travel time spent in this place.
 C = Inter-level travel time spent in this place.
 D = Time resting spent in this place.
 E = Time spent auto-exploring this place.
 F = Levels seen in this place.
 G = Mean time per level.
                   A        B        C        D        E       F      G
               +--------+--------+--------+--------+--------+-----+--------+
         Total |   3236 |   3077 |    159 |    180 |   2487 |   5 |  647.2 |
       Dungeon |   3188 |   3029 |    159 |    171 |   2487 |   4 |  797.0 |
         Sewer |     48 |     48 |      0 |      9 |      0 |   1 |   48.0 |
               +--------+--------+--------+--------+--------+-----+--------+

Top non-repeatable levels by time:
     D:3: 1415 daAuts
     D:1: 828 daAuts
     D:2: 703 daAuts
     D:4: 241 daAuts
   Sewer: 48 daAuts
